 Dungeon Crawl Stone Soup version 0.30-a0-1160-g6e42c06551 (webtiles) character file.

Game seed: 5392636939440421515

665 ytrimaz the Ducker (level 7, -20/50 HPs)
             Began as an Octopode Fighter on Apr 25, 2023.
             Demolished by an ogre
             ... wielding a +0 giant club
              (37 damage)
             ... on level 4 of the Dungeon on Apr 26, 2023.
             The game lasted 00:06:00 (3685 turns).

ytrimaz the Ducker (Octopode Fighter)               Turns: 3685, Time: 00:06:01

Health: -20/50     AC:  1    Str: 17    XL:     7   Next: 57%
Magic:  16/16      EV: 19    Int: 11    God:
Gold:   206        SH:  4    Dex: 11    Spells: 6/6 levels left

rFire   . . .        a - +1 long sword
rCold   + . .        b - +0 buckler
rNeg    . . .        (helmet restricted)
rPois   .            (no amulet)
rElec   .            d - ring of protection from cold
rCorr   +            m - +5 ring of evasion
SInv    .            i - ring of willpower
Will    +....        p - ring of magical power
Stlth   ++           o - ring of resist corrosion
HPRegen 0.28/turn    (no ring)
MPRegen 0.15/turn    (no ring)
                     (no ring)

%: no passive effects
@: no status effects
A: almost no armour, amphibious, 8 rings, camouflage 1, gelatinous body 1,
(nimble swimmer 1), tentacles, robust 1
a: no special abilities


You were on level 4 of the Dungeon.
You visited 1 branch of the dungeon, and saw 6 of its levels.

You collected 206 gold pieces.


Innate Abilities, Weirdness & Mutations

You cannot wear most types of armour.
You are amphibious.
You can wear up to eight rings at the same time.
Your skin changes colour to match your surroundings (Stealth+).
Your rubbery body absorbs attacks. (AC +1, EV +1)
((You are camouflaged when in or above water. (Stealth+)))
You have tentacles for arms and can constrict up to eight enemies at once.
You are robust. (+10% HP)


   Skills:
 - Level 3.0 Fighting
 + Level 5.6 Long Blades
 + Level 6.1 Dodging
 - Level 4.0 Shields


You had 6 spell levels left.
You didn't know any spells.
Your spell library was empty.

Inventory:

Hand Weapons
 a - a +1 long sword (weapon)
Armour
 b - a +0 buckler (worn)
 t - a +0 tower shield
   (You found it on level 4 of the Dungeon)
Jewellery
 d - a ring of protection from cold (left tentacle)
   (You found it on level 1 of the Dungeon)
 i - a ring of willpower (on tentacle)
   (You found it on level 2 of the Dungeon)
 l - a ring of flight
   (You found it on level 5 of the Dungeon)
 m - a +5 ring of evasion (right tentacle)
   (You found it on level 2 of the Dungeon)
 o - a ring of resist corrosion (on tentacle)
   (You found it on level 4 of the Dungeon)
 p - a ring of magical power (on tentacle)
   (You found it on level 2 of the Dungeon)
Wands
 k - a wand of polymorph (13)
   (You found it on level 6 of the Dungeon)
Scrolls
 f - a scroll of enchant weapon
 h - 2 scrolls of immolation
 q - 4 scrolls of identify
 r - a scroll of magic mapping
Potions
 c - 2 potions of might
 e - a potion of mutation
 g - a potion of brilliance {unknown}
 j - a potion of heal wounds
 n - 3 potions of curing
 s - a potion of invisibility {unknown}

Dungeon Overview and Level Annotations

Branches:
Dungeon (6/15) Zot: 25861
 Temple: D:4-7

Altars:
Sif Muna

................##...#....###.##.
.................##.#...........#
...##.........[...#.#...##...#...
##.##......)........#..###...#..#
.##.......##...##...#.####..#####
.#.....)...#...###......#...##.#.
.##.............##...............
.................#.##.........#..
..#............O@#..........###..
..##...#.......)##.........)# ##.
..##...####.##......#.#.....# ##
..#....####....>....###...###
.........#.......##..#.....# ###
.....#...........###.<..#..###.#
######...........##.....####...##
##..........#........#.....#
#.............#....<...#....


You could see an ogre.


Message History

😮 HP[+1]
You are too injured to fight recklessly!
Things that are here:
a +0 short sword; 3 stones; a kobold corpse Unknown command.
You are too injured to fight recklessly! 😮 HP[+1] Unknown command.
Key pressed, stopping explore.
Key pressed, stopping explore.
You open the door.
There is an open door here.
There is an open door here.
Key pressed, stopping explore.
You now have 193 gold pieces (gained 12).
You now have 206 gold pieces (gained 13).
Key pressed, stopping explore.
q - 4 scrolls of identify (gained 1)
You see here a potion of degeneration.
Done exploring. 😎 HP[+16]
Your hp is fully restored (50).
Done exploring.
There is a stone staircase leading down here.
There is a stone staircase leading down here.
There is a stone staircase leading down here.
You see here a +0 robe.
Menkaure is nearby!
Menkaure shouts!
Menkaure mumbles, "It doesn't hurt if you pull your brain out of your nose yourself."
Menkaure gestures wildly while chanting.
Menkaure seems to speed up.
Unknown command.
Menkaure misses you.
Unknown command.
Press: ? - help, v - describe, . - travel
Here: Menkaure (fast)
The floor.
You hit Menkaure. Your grab misses Menkaure. Menkaure hits you. 😕 HP[-1]
You take 1 damage, and now have 49/50 hp.
Unknown command.
You slash Menkaure! You grab Menkaure. You squeeze Menkaure!
You constrict Menkaure.
You destroy Menkaure! 😎 HP[+1]
Your hp is fully restored (50).
Unknown command.
Done exploring.
There is a stone staircase leading down here.
You climb downwards.
The gnoll hits you from afar with a +0 spear.
The ogre misses you.
There is a stone staircase leading up here. 😕 HP[-4]
You take 4 damage, and now have 46/50 hp.
There are monsters nearby!
The ogre misses you. The gnoll misses you.
You climb upwards.
There is a stone staircase leading down here. 😕 HP[+1]
Okay, then.
The ogre attacks as you move away! You block the ogre's attack.
The ogre attacks as you move away!
The ogre hits you with a +0 giant club! 😮 HP[-13]
You take 13 damage, and now have 34/50 hp.
MASSIVE DAMAGE!! (PAUSE)
You slash the ogre! Your squeeze misses the ogre. 😮 HP[+1]
You hit the ogre. The ogre closely misses you. The ogre misses you.
Unknown command.
You slash the ogre! The ogre completely misses you.
The ogre closely misses you.
You barely miss the ogre.
You squeeze the ogre. 😮 HP[+1] Unknown command.
You hit the ogre. You block the ogre's attack. x2
You barely miss the ogre. The ogre misses you. x2
Unknown command.
You hit the ogre.
You kill the ogre!
The ogre hits you with a +0 giant club!
* * * LOW HITPOINT WARNING * * *
Your Dodging skill increases to level 6! 😨 HP[-12]
You take 12 damage, and now have 24/50 hp.
MASSIVE DAMAGE!! (PAUSE)
You barely miss the ogre. You squeeze the ogre, but do no damage.
The ogre hits you with a +0 giant club!
* * * LOW HITPOINT WARNING * * *
😨 HP[-8]
You take 8 damage, and now have 16/50 hp.
You slash the ogre! Your squeeze misses the ogre.
Unknown command.
You slash the ogre!
You tentacle-slap the ogre, but do no damage.
Your squeeze misses the ogre.
The ogre hits you with a +0 giant club!!!
Ouch! That really hurt!
You die...

Skill      XL: |  1  2  3  4  5  6  7 |
---------------+----------------------+-----
Shields        | 4 |  4.0
Long Blades    | 3 4 5 |  5.6
Dodging        | 4 5 6 |  6.1
Fighting       | |  3.0

Action                     |  1- 3 |  4- 6 |  7- 9 || total
---------------------------+-------+-------+-------++-------
  Melee: Long sword        |    67 |   103 |    13 ||   183
         Constrict         |    20 |    18 |     1 ||    39
         Tentacles         |    13 |    17 |     3 ||    33
         Punch             |       |     1 |     1 ||     2
    Use: Scroll            |     5 |     5 |       ||    10
         Potion            |       |     6 |       ||     6
   Stab: Sleeping          |     3 |     4 |       ||     7
         Distracted        |     1 |       |       ||     1
 Armour: Skin              |     6 |    20 |       ||    26
  Dodge: Dodged            |    62 |    93 |    10 ||   165
  Block: Buckler           |    12 |    22 |     3 ||    37

Levels and vault maps discovered:
D:1:      erik_arrival_triangle_small, layout_basic
D:2:      layout_loops_ring, basic_altar, chequers_garden, nicolae_half_adder
D:3:      layout_loops_ring
D:4:      layout_cave_pools, kennysheep_generic_room_14, uniq_menkaure
D:5:      layout_rooms, kennysheep_little_box, minmay_temple_entry_poolview
D:6:      layout_gridville

Notes
Turn   | Place    | Note
-------+----------+-------------------------------------------
     0 | D:1      | ytrimaz the Octopode Fighter began the quest for the Orb.
     0 | D:1      | Reached XP level 1. HP: 16/16 MP: 1/1
     0 | D:1      | magus.rc [v1.9.6]
    24 | D:1      | HP: 3/16 [quokka (4)]
   125 | D:1      | Reached XP level 2. HP: 14/21 MP: 2/2
   436 | D:1      | Reached XP level 3. HP: 22/26 MP: 3/3
  1030 | D:2      | HP: 4/26 [worm (11)]
  1223 | D:2      | Found a shimmering blue altar of Sif Muna.
  1422 | D:2      | Reached skill level 4 in Shields
  1422 | D:2      | Reached XP level 4. HP: 25/31 MP: 4/4
  1885 | D:3      | Noticed a water moccasin
  1888 | D:3      | Gained mutation: You are robust. (+10% HP) [potion of
                  | mutation]
  1927 | D:3      | Killed a water moccasin
  1928 | D:3      | Reached skill level 3 in Long Blades
  1928 | D:3      | Reached skill level 4 in Dodging
  1928 | D:3      | Reached XP level 5. HP: 18/39 MP: 5/5
  2339 | D:3      | You fall into a shaft and drop 3 floors!
  2341 | D:6      | Noticed a centaur
  2350 | D:6      | Killed a centaur
  2351 | D:6      | Reached skill level 4 in Long Blades
  2351 | D:6      | Reached XP level 6. HP: 27/46 MP: 6/6
  2467 | D:6      | Reached skill level 5 in Dodging
  2474 | D:5      | Entered Level 5 of the Dungeon
  2830 | D:3      | magus.rc [v1.9.6]
  3053 | D:4      | Noticed Menkaure
  3382 | D:4      | Noticed a black bear
  3386 | D:4      | Killed a black bear
  3387 | D:4      | Reached skill level 5 in Long Blades
  3387 | D:4      | Reached XP level 7. HP: 36/50 MP: 7/7
  3663 | D:4      | Killed Menkaure
  3683 | D:4      | Reached skill level 6 in Dodging
  3685 | D:4      | Demolished by an ogre

Vanquished Creatures
  Menkaure (D:4)
  A water moccasin (D:3)
  A black bear (D:4)
  A centaur (D:6)
  An ogre (D:4)
  A hound (D:4)
  A jelly (D:6)
  A gnoll (D:4)
  4 adders
  4 worms
  2 dart slugs
  2 orcs
  9 bats
  4 endoplasms
  2 giant cockroaches (D:1)
  4 goblins
  3 hobgoblins
  8 jackals
  6 kobolds
  2 quokkas (D:1)
  5 ball pythons
  5 rats
68 creatures vanquished.

Table legend:
 A = Non-vault XP
 B = Vault XP
 C = Vault XP percentage of total XP
 D = Non-vault monster count
 E = Vault monster count
 F = Vault count percentage of total count
                 A         B        C        D         E       F
            +---------+---------+-------+---------+---------+-------
      Total |     753 |     198 |  20.8 |      65 |       3 |   4.4
            +---------+---------+-------+---------+---------+-------
        D:1 |      41 |       0 |   0.0 |      21 |       0 |   0.0
        D:2 |      41 |      26 |  38.8 |      13 |       2 |  13.3
        D:3 |     180 |       0 |   0.0 |      16 |       0 |   0.0
        D:4 |     327 |     172 |  34.5 |      12 |       1 |   7.7
        D:5 |       3 |       0 |   0.0 |       1 |       0 |   0.0
        D:6 |     161 |       0 |   0.0 |       2 |       0 |   0.0
            +---------+---------+-------+---------+---------+-------

Skill      XL: |  1  2  3  4  5  6  7 |
---------------+----------------------+-----
Shields        | 4 |  4.0
Long Blades    | 3 4 5 |  5.6
Dodging        | 4 5 6 |  6.1
Fighting       | |  3.0

Action                     |  1- 3 |  4- 6 |  7- 9 || total
---------------------------+-------+-------+-------++-------
  Melee: Long sword        |    67 |   103 |    13 ||   183
         Constrict         |    20 |    18 |     1 ||    39
         Tentacles         |    13 |    17 |     3 ||    33
         Punch             |       |     1 |     1 ||     2
    Use: Scroll            |     5 |     5 |       ||    10
         Potion            |       |     6 |       ||     6
   Stab: Sleeping          |     3 |     4 |       ||     7
         Distracted        |     1 |       |       ||     1
 Armour: Skin              |     6 |    20 |       ||    26
  Dodge: Dodged            |    62 |    93 |    10 ||   165
  Block: Buckler           |    12 |    22 |     3 ||    37

Illustrated notes

Table legend:
 A = Kills in this place as a percentage of kills in the entire game.
 B = Kills by you in this place as a percentage of kills by you in the entire game.
 C = Kills by friends in this place as a percentage of kills by friends in the entire game.
 D = Other kills in this place as a percentage of other kills in the entire game.
 E = Experience gained in this place as a percentage of experience gained in the entire game.
 F = Experience gained in this place divided by the number of levels of this place that you have seen.
                   A       B       C       D       E      F
               +-------+-------+-------+-------+-------+----------------------
         Total | 100.0 | 100.0 |   N/A |   N/A | 100.0 | 158.5
       Dungeon | 100.0 | 100.0 |   N/A |   N/A | 100.0 | 158.5
               +-------+-------+-------+-------+-------+----------------------

Table legend: (Time is in decaauts)
 A = Elapsed time spent in this place.
 B = Non-inter-level travel time spent in this place.
 C = Inter-level travel time spent in this place.
 D = Time resting spent in this place.
 E = Time spent auto-exploring this place.
 F = Levels seen in this place.
 G = Mean time per level.
                   A        B        C        D        E       F      G
               +--------+--------+--------+--------+--------+-----+--------+
         Total |   3720 |   3533 |    187 |    191 |   2690 |   6 |  620.0 |
       Dungeon |   3720 |   3533 |    187 |    191 |   2690 |   6 |  620.0 |
               +--------+--------+--------+--------+--------+-----+--------+

Top non-repeatable levels by time:
     D:1: 1031 daAuts
     D:4: 931 daAuts
     D:2: 862 daAuts
     D:3: 671 daAuts
     D:6: 136 daAuts
     D:5: 86 daAuts
